 Dungeon Crawl Stone Soup version 0.27-a0-286-g37e0bc138e (webtiles) character file.

Game seed: 9241757630585221282

4816 telepus the Fighter (level 10, -1/71 (72) HPs)
             Began as an Octopode Hedge Wizard on Feb 8, 2021.
             Was a Believer of Uskayaw.
             Slain by a two-headed ogre
             ... wielding a +0 giant spiked club
              (29 damage)
             ... on level 9 of the Dungeon.
             The game lasted 00:21:43 (13565 turns).

telepus the Fighter (Octopode Hedge Wizard)        Turns: 13565, Time: 00:21:44

HP:   -1/71 (72)    AC:  1    Str: 10    XL:     10   Next: 48%
MP:   16/16         EV: 17    Int: 28    God:    Uskayaw [**....]
Gold: 482           SH:  6    Dex: 17    Spells: 9/17 levels left

rFire    . . .     SeeInvis +   G - +8 morningstar "Korph" {freeze, Int+3 Dex+5}
rCold    . . .     Faith    .   o - +2 buckler
rNeg     . . .     Spirit   .   b - +0 hat
rPois    .         Reflect  .   h - amulet of magic regeneration
rElec    .         Harm     .   d - ring of see invisible
rCorr    .         Rampage  .   e - ring of wizardry
Will     .....                  k - +6 ring of intelligence
Stlth    +++.......             (no ring)
HPRegen  0.21/turn              (no ring)
MPRegen  0.40/turn              (no ring)
                                (no ring)
                                (no ring)

@: lightly drained
A: almost no armour, stealthy swim, amphibious, 8 rings, constrict 8, camouflage
1, gelatinous body 1
a: Renounce Religion, Stomp, Line Pass


You were on level 9 of the Dungeon.
You worshipped Uskayaw.
Uskayaw was noncommittal.
You visited 2 branches of the dungeon, and saw 10 of its levels.

You collected 482 gold pieces.

Inventory:

Hand Weapons
 a - a +1 trident of venom
 G - the +8 morningstar "Korph" (weapon) {freeze, Int+3 Dex+5}
   (You acquired it on level 8 of the Dungeon)

   It has been specially enchanted to freeze those struck by it, causing extra
   injury to most foes and up to half again as much damage against particularly
   susceptible opponents.
   It can also slow down cold-blooded creatures.
   It affects your intelligence (+3).
   It affects your dexterity (+5).
 M - a +2 war axe
Missiles
 n - 8 silver javelins (quivered)
Armour
 b - a +0 hat (worn)
 c - a +2 kite shield
 o - a +2 buckler (worn)
Jewellery
 d - a ring of see invisible (left tentacle)
 e - a ring of wizardry (right tentacle)
 h - an amulet of magic regeneration (around mantle)
 k - a +6 ring of intelligence (on tentacle)
Wands
 J - a wand of charming (6)
 K - a wand of random effects (21)
 P - a wand of digging (4) {@v3}
Scrolls
 f - a scroll of torment {unknown}
 i - 3 scrolls of magic mapping {@r5}
 j - 3 scrolls of blinking {@r4}
 r - 5 scrolls of enchant armour
 s - 2 scrolls of fog
 t - 2 scrolls of enchant weapon {unknown}
 w - 4 scrolls of remove curse {@r2}
 y - 2 scrolls of teleportation {@r3}
 C - a scroll of vulnerability
 D - a scroll of fear
Potions
 g - 2 potions of ambrosia
 l - a potion of magic
 m - 3 potions of curing {@q1}
 q - 2 potions of might {@q3}
 u - 2 potions of lignification {unknown}
 v - 3 potions of flight {unknown}
 z - a potion of heal wounds {unknown}
 A - a potion of haste {@q4}
 B - a potion of berserk rage {unknown}
 H - 3 potions of attraction {unknown}


   Skills:
 - Level 8.0 Fighting
 - Level 1.6 Long Blades
 * Level 5.5 Maces & Flails
 - Level 7.0 Dodging
 - Level 2.6 Stealth
 + Level 1.1 Shields
 - Level 4.0 Spellcasting
 - Level 2.0 Conjurations
 - Level 3.0 Summonings
 - Level 1.0 Translocations
 - Level 3.0 Air Magic
 - Level 3.0 Poison Magic
 + Level 4.4 Invocations
 - Level 5.0 Evocations


You had 9 spell levels left.
You knew the following spells:

 Your Spells              Type           Power        Failure   Level
a - Magic Dart            Conj           64%          1%          1
b - Call Imp              Summ           22%          1%          2
c - Blink                 Tloc           N/A          4%          2
d - Mephitic Cloud        Conj/Pois/Air  20%          4%          3

Your spell library contained the following spells:

 Spells                   Type           Power        Failure   Level
 Poisonous Vapours        Pois/Air       44%          1%          2
 Sting                    Tmut/Pois      56%          2%          1
 Slow                     Hex            5%           6%          2
 Conjure Flame            Conj/Fire      11%          9%          3
 Ignite Poison            Fire/Tmut/Pois 11%          9%          3
 Olgreb's Toxic Radiance  Pois           22%          12%         4


Dungeon Overview and Level Annotations

Branches:
Dungeon (9/15)             Temple (1/1) D:7            Lair (0/6) D:8
    Orc: D:9-12

Altars:
Ashenzari
Cheibriados
Dithmenos
Elyvilon
Fedhas
Gozag
Hepliaklqana
Kikubaaqudgha
Makhleb
Nemelex Xobeh
Okawaru
Qazlal
Sif Muna
Trog
Uskayaw
Vehumet
Wu Jian
Xom
Yredelemnul
Zin
The Shining One

Shops:
D:4 (

Annotations:
D:7 Harold, Menkaure
D:9 2 transporters, ChiseanneNo2's ghost, novice HaAr


Innate Abilities, Weirdness & Mutations

You cannot wear most types of armour.
You are very stealthy in the water. (Stealth+)
You are amphibious.
You can wear up to eight rings at the same time.
You can use your tentacles to constrict eight enemies at once.
Your skin changes colour to match your surroundings (Stealth+).
Your rubbery body absorbs attacks. (AC +1, EV +1)


Message History

The goblin misses you.
You sock the goblin! You freeze the goblin.
You kill the goblin!
The jackal barks!
The orc shouts!
Things that are here:
a +0 dagger; a goblin corpse The two-headed ogre misses you.
The two-headed ogre hits you with a +0 giant club!
You puncture the two-headed ogre! You freeze the two-headed ogre.
The two-headed ogre hits you with a +0 giant spiked club!
The two-headed ogre barely misses you.
ChiseanneNo2's ghost lets out a mournful wail.
You can now pass through a line of other dancers.
You barely miss the two-headed ogre. You block the two-headed ogre's attack.
The two-headed ogre hits you with a +0 giant club!
You puncture the two-headed ogre! You freeze the two-headed ogre.
You squeeze the two-headed ogre!
The two-headed ogre hits you with a +0 giant spiked club!
The two-headed ogre hits you with a +0 giant club!!
You die...

######[#####.#
##.....©......... #..[..#.##
#..#########..###
#####.)..###.##8.....8##.#
###)[.##.#........©#.#
#######.#.##.#..#...#..#.#
#.....#....#.#o#.....#.#.#
#.........)..#r...©...h#.###
#............#W#.....#W#....
##########.@.#c.#...#..#.#..
#######.O.#h........#.#.#
#...##....##8??[$.8##.#.#
#....(.##..#########....#
#...#####......©.........
#...# #...#.#..........##
#...###.###.....##.###.#
###########.......#..#. #.#
#..... ######..).O.<# #.#


You could see a two-headed ogre, a centaur, ChiseanneNo2's ghost, an orc, a
quokka and a jackal.

Vanquished Creatures
  Sigmund (D:3)
  An ice beast (D:5)
  2 orc warriors
  A sky beast (D:9)
  A necrophage (D:9)
  2 ogres
  5 centaurs
  A phantom (D:8)
  A kobold brigand (D:9)
  5 bullfrogs
  A water moccasin skeleton (D:7)
  A scorpion (D:9)
  11 wights
  11 killer bees
  An electric eel (D:7)
  2 howler monkeys (D:7)
  A bullfrog zombie (D:5)
  A crimson imp (D:4)
  2 jellies
  3 hounds
  A centaur skeleton (D:6)
  4 orc priests
  4 bullfrog skeletons
  Crazy Yiuf (D:3)
  4 iguanas
  10 orc wizards
  9 worker ants
  A killer bee zombie (D:5)
  A hound zombie (D:5)
  A howler monkey zombie (D:6)
  5 gnolls
  7 adders
  4 shadow imps
  2 white imps
  2 worms
  3 dart slugs
  10 leopard geckos
  31 orcs
  9 bats
  6 giant cockroaches
  12 hobgoblins
  15 jackals
  9 quokkas
  A ball python (D:2)
  5 frilled lizards
  14 goblins
  10 kobolds
  5 rats
240 creatures vanquished.

Vanquished Creatures (collateral kills)
  A two-headed ogre (D:8)
  A sky beast (D:5)
  2 ogres
  A bullfrog (D:6)
  A wyvern zombie (D:6)
  A jelly (D:5)
  An orc wizard (D:2)
  Robin (D:3)
  2 adders (D:5)
  An adder skeleton (D:5)
  A leopard gecko (D:7)
  3 orcs
  A bat (D:3)
  A hobgoblin (D:3)
  A jackal (D:3)
  2 frilled lizards
  7 goblins (D:3)
  A kobold (D:3)
29 creatures vanquished.

Vanquished Creatures (others)
  A wight (D:7)
  2 electric eels
  2 fungi (D:3)
5 creatures vanquished.

Grand Total: 274 creatures vanquished

Notes
Turn   | Place    | Note
-------+----------+-------------------------------------------
     0 | D:1      | telepus the Octopode Hedge Wizard began the quest for the
                  | Orb.
     0 | D:1      | Reached XP level 1. HP: 11/11 MP: 4/4
   118 | D:1      | Reached XP level 2. HP: 15/18 MP: 1/6
   288 | D:1      | Learned a level 2 spell: Call Imp
   291 | D:1      | Learned a level 2 spell: Blink
   386 | D:1      | Reached skill level 1 in Fighting
  1196 | D:2      | Reached XP level 3. HP: 23/23 MP: 5/7
  1498 | D:2      | Reached XP level 4. HP: 29/29 MP: 5/8
  1517 | D:2      | Reached skill level 2 in Fighting
  1521 | D:2      | Learned a level 3 spell: Mephitic Cloud
  2093 | D:2      | Reached skill level 1 in Poison Magic
  2450 | D:3      | Reached skill level 1 in Air Magic
  2450 | D:3      | Reached XP level 5. HP: 19/35 MP: 4/9
  2705 | D:3      | Noticed Sigmund
  2773 | D:3      | Killed Sigmund
  2945 | D:3      | Reached XP level 6. HP: 19/41 MP: 10/10
  2955 | D:3      | Found a glowing golden altar of the Shining One.
  3133 | D:3      | Found a bloodstained altar of Trog.
  3133 | D:3      | Noticed Robin
  3192 | D:3      | Killed Robin
  4034 | D:3      | Found a runed translucent door.
  4035 | D:3      | Noticed Crazy Yiuf
  4060 | D:3      | Killed Crazy Yiuf
  4233 | D:4      | Reached skill level 3 in Fighting
  4239 | D:4      | Found Hoimm's Antique Weapon Shoppe.
  4409 | D:4      | Reached XP level 7. HP: 46/46 MP: 8/12
  4563 | D:4      | Found a basalt altar of Yredelemnul.
  4606 | D:4      | Found a burning altar of Makhleb.
  4607 | D:4      | Found a shimmering altar of Xom.
  5105 | D:5      | Entered Level 5 of the Dungeon
  5398 | D:5      | Reached skill level 4 in Fighting
  5647 | D:5      | Found a glowing silver altar of Zin.
  5758 | D:5      | Reached skill level 5 in Fighting
  6023 | D:5      | Reached XP level 8. HP: 51/55 MP: 9/14
  6577 | D:5      | Reached skill level 6 in Fighting
  7411 | D:6      | Reached skill level 7 in Fighting
  8229 | D:6      | Reached skill level 5 in Dodging
  8229 | D:6      | Reached XP level 9. HP: 58/65 MP: 12/15
  8709 | D:7      | Reached skill level 8 in Fighting
  8709 | D:7      | Reached skill level 1 in Evocations
  8969 | D:7      | Found a staircase to the Ecumenical Temple.
  8978 | Temple   | Entered the Ecumenical Temple
  9312 | Temple   | Became a worshipper of Uskayaw the Reveller
  9381 | D:7      | Reached * piety under Uskayaw
  9454 | D:7      | Noticed Menkaure
  9469 | D:7      | Reached ** piety under Uskayaw
  9484 | D:7      | Reached skill level 1 in Long Blades
  9685 | D:7      | Noticed Harold
  9810 | D:7      | Reached skill level 1 in Invocations
 10312 | D:7      | Identified a scroll of acquirement
 10315 | D:8      | Acquired the +8 morningstar "Korph" {freeze, Int+3 Dex+5}
 10331 | D:8      | Noticed a two-headed ogre
 10428 | D:8      | Killed a two-headed ogre
 10618 | D:8      | Found an iron altar of Okawaru.
 10622 | D:8      | Found a hazy altar of Hepliaklqana.
 10628 | D:8      | Found an ancient bone altar of Kikubaaqudgha.
 11156 | D:8      | Reached XP level 10. HP: 72/72 MP: 16/16
 11246 | D:8      | Found a broken altar of Ashenzari.
 11250 | D:8      | Saw a vision of the Shoals and the Spider Nest.
 11250 | D:8      | Noticed a sea snake
 11263 | D:8      | Reached *** piety under Uskayaw
 11521 | D:8      | Found a broken altar of Ashenzari.
 11524 | D:8      | Found a staircase to the Lair.
 11618 | D:8      | HP: 2/67 [wight/cursed +4 hand axe (3)]
 12505 | D:9      | Reached **** piety under Uskayaw
 12626 | D:9      | Found a transporter.
 12626 | D:9      | Noticed ChiseanneNo2's ghost (novice HaAr)
 12705 | D:9      | Reached skill level 5 in Maces & Flails
 12923 | D:9      | Found a transporter.
 13234 | D:9      | Noticed a two-headed ogre
 13258 | D:9      | Reached skill level 5 in Evocations
 13415 | D:8      | Reached skill level 1 in Shields
 13565 | D:9      | Slain by a two-headed ogre

Illustrated notes

Levels and vault maps discovered:
D:1:      minmay_arrival_open_corners, layout_basic, corner_web_ring
D:2:      layout_basic, minmay_cut_off
D:3:      layout_rooms, marbit_many_paths, bloody_trog, uniq_crazy_yiuf_cottage,
          uniq_sigmund, uniq_robin
D:4:      layout_basic, kennysheep_mini,
          grunt_temple_overflow_champion_of_chaos, serial_shops,
          nicolae_shop_statue_plus, serial_park_tiny_1
D:5:      layout_rooms, lemuel_crystal_altar, minmay_circle_x
D:6:      layout_loops_cross
D:7:      layout_basic, temple_hall, kennysheep_generic_room_4, uniq_harold,
          uniq_menkaure
D:8:      layout_loops_corners, general_overflow_altar,
          grunt_temple_overflow_diamond, lair_entry_dummy,
          grunt_decor_one_mirror, kennysheep_small_spiral,
          grunt_ashenzari_visionary [grunt_ashenzari_visionary_shoals,
          grunt_ashenzari_visionary_spider]
D:9:      layout_rooms, nicolae_ru_great_annihilating_truth,
          gammafunk_ghost_arena, kennysheep_cross_room
Temple:   minmay_temple_curvy_loop

Skill      XL: |  1  2  3  4  5  6  7  8  9 10 |
---------------+-------------------------------+-----
Fighting       | 1 2 3 5 7 8 |  8.0
Summonings     | 2 3 |  3.0
Poison Magic   | 1 2 3 |  3.0
Air Magic      | 1 3 |  3.0
Conjurations   | 2 |  2.0
Spellcasting   | 4 |  4.0
Dodging        | 3 5 6 7 |  7.0
Evocations     | 4 5 |  5.0
Long Blades    | 1 |  1.6
Invocations    | 3 4 |  4.4
Maces & Flails | 3 5 |  5.5
Shields        | 1 |  1.1
Stealth        | |  2.6
Translocations | |  1.0

Action                   |  1- 3 |  4- 6 |  7- 9 | 10-12 || total
-------------------------+-------+-------+-------+-------++-------
Melee: Dagger            |    16 |   102 |       |       ||   118
       Tentacles         |     4 |    19 |    32 |    26 ||    81
       Constrict         |     3 |    41 |    48 |    34 ||   126
       Quarterstaff      |       |    12 |   167 |       ||   179
       Morningstar       |       |       |    36 |   117 ||   153
Throw: Dart              |       |     8 |     4 |       ||    12
       Javelin           |       |       |       |     1 ||     1
 Cast: Magic Dart        |    89 |    53 |    10 |       ||   152
       Call Imp          |       |    53 |    61 |     2 ||   116
       Mephitic Cloud    |       |     2 |    16 |     2 ||    20
       Blink             |       |     1 |     2 |       ||     3
Evoke: Wand              |       |       |     2 |     1 ||     3
  Use: Scroll            |       |     8 |     8 |     1 ||    17
       Potion            |       |       |     2 |       ||     2
 Stab: Sleeping          |     1 |     4 |     7 |     8 ||    20
       Confused          |       |     1 |     4 |     1 ||     6
       Paralysed         |       |       |     1 |     7 ||     8
       Distracted        |       |       |     1 |       ||     1
Armor: Skin              |     3 |    14 |     8 |     2 ||    27
Dodge: Dodged            |    16 |    87 |   159 |   102 ||   364
Block: Buckler           |       |       |       |    11 ||    11

Table legend: (Time is in decaauts)
 A = Elapsed time spent in this place.
 B = Non-inter-level travel time spent in this place.
 C = Inter-level travel time spent in this place.
 D = Time resting spent in this place.
 E = Time spent auto-exploring this place.
 F = Levels seen in this place.
 G = Mean time per level.
                   A        B        C        D        E       F      G
               +--------+--------+--------+--------+--------+-----+--------+
         Total |  13667 |  13158 |    509 |   4717 |   5975 |  10 | 1366.7 |
       Dungeon |  13309 |  12939 |    370 |   4713 |   5786 |   9 | 1478.8 |
        Temple |    357 |    218 |    139 |      4 |    189 |   1 |  357.0 |
               +--------+--------+--------+--------+--------+-----+--------+

Top non-repeatable levels by time:
     D:5: 2471 daAuts
     D:8: 1999 daAuts
     D:3: 1705 daAuts
     D:7: 1690 daAuts
     D:2: 1236 daAuts
     D:1: 1187 daAuts
     D:6: 1024 daAuts
     D:9: 1015 daAuts
     D:4: 979 daAuts
  Temple: 357 daAuts
